 Dungeon Crawl Stone Soup version 0.19.5 (webtiles) character file.

502 Gargoyl the Skirmisher (level 7, -2/60 HPs)
             Began as a Ghoul Abyssal Knight on May 4, 2017.
             Was a Believer of Lugonu.
             Slain by an ogre
             ... wielding a +0 giant spiked club
              (24 damage)
             ... on level 5 of the Dungeon.
             The game lasted 00:09:25 (4360 turns).

Gargoyl the Skirmisher (Ghoul Abyssal Knight)       Turns: 4360, Time: 00:09:25

Health: -2/60      AC:  8    Str: 16    XL:     7   Next: 17%
Magic:  9/9        EV: 11    Int:  7    God:    Lugonu [**....]
Gold:   273        SH:  0    Dex: 10    Spells: 0 memorised, 6 levels left

rFire  + . .     SeeInvis .     d - +1 broad axe
rCold  . . .     Gourm    .     e - +0 ring mail
rNeg   + + +     Faith    .     (no shield)
rPois  ∞         Spirit   .     (no helmet)
rElec  .         Reflect  .     p - +0 cloak
rCorr  .         Harm     .     b - +0 pair of gloves
MR     .....                    (no boots)
Stlth  ..........               (no amulet)
                                (no ring)
                                s - ring of fire

@: rotting
A: rotting body, claws 1, carnivore 3, cold resistance 1, negative energy
resistance 3, slow regeneration 1, torment resistance, unbreathing
a: Depart the Abyss, Bend Space, Renounce Religion


You were on level 5 of the Dungeon.
You worshipped Lugonu.
Lugonu was pleased with you.
You were not hungry.

You visited 1 branch of the dungeon, and saw 5 of its levels.
You visited the Abyss 1 time.

You collected 273 gold pieces.

Inventory:

Hand Weapons
 a - a +1 hand axe
 d - a +1 broad axe (weapon)
 j - a +0 war axe
 m - a +0 spear
Missiles
 g - 2 javelins (quivered)
Armour
 b - a +0 pair of gloves (worn)
 e - a +0 ring mail (worn)
 p - a +0 cloak (worn)
Jewellery
 s - a ring of fire (left hand)
Wands
 i - a wand of polymorph (6/24)
Scrolls
 k - a scroll of blinking
 o - a scroll of fear
 u - a scroll of identify
Potions
 f - a potion of lignification
 h - a potion of haste
 q - a potion of heal wounds
 r - a potion of degeneration {unknown}
 t - a potion of brilliance {unknown}
 v - a potion of mutation {unknown}
 w - a potion of might {unknown}
Comestibles
 c - 3 meat rations
 l - a beef jerky
 n - a slice of pizza
 x - 2 chunks of flesh


   Skills:
 + Level 4.6 Fighting
 + Level 4.1 Axes
 * Level 3.6 Armour
 + Level 1.6 Dodging
 * Level 4.0 Invocations


You had 6 spell levels left.
You didn't know any spells.

Dungeon Overview and Level Annotations

Branches:
Dungeon (5/15)
 Temple: D:4-7

Altars:
Ashenzari
Elyvilon
Qazlal
Sif Muna
Vehumet


Innate Abilities, Weirdness & Mutations

Your body is rotting away.
You thrive on raw meat.
You are immune to poison.
You have sharp fingernails.
You are carnivorous and can eat meat at any time.
Your flesh is cold resistant. (rC+)
You are immune to negative energy. (rN+++)
You regenerate slowly when monsters are visible.
You are immune to unholy pain and torment.
You can survive without breathing.


Message History

Press: ? - help, Shift-Dir - straight line, f/p - ogre
Aim: an ogre, wielding a giant spiked club (lightly wounded)
You throw a javelin. The javelin barely misses the ogre.
Throwing (i - inventory):
g - 4 javelins (quivered)
Press: ? - help, Shift-Dir - straight line, f/p - ogre
Aim: an ogre, wielding a giant spiked club (lightly wounded)
You throw a javelin. The javelin hits the ogre!
The ogre is heavily wounded.
Throwing (i - inventory):
g - 3 javelins (quivered)
Press: ? - help, Shift-Dir - straight line, f/p - ogre
Aim: an ogre, wielding a giant spiked club (heavily wounded)
You throw a javelin. The javelin barely misses the ogre.
The ogre hits you with a giant spiked club!
You slash the ogre!
The ogre is almost dead.
The ogre hits you with a giant spiked club!!
You barely miss the ogre.
The ogre is almost dead.
The ogre hits you with a giant spiked club!!
You die...

.................##......#
.....#...............#...#
....##.................###
...###..%................#####.#
... #...((.....##.............#
... #..............###.........#
.....(......).##....##..#
...........#.####### #
...$..O@..##).#
..........###)###### ....#######
#......# ... ######.# .


You could see an ogre.

Vanquished Creatures
  An ogre (D:5)
  A howler monkey (D:5)
  A crimson imp (D:4)
  An orc priest (D:4)
  An iguana (D:4)
  2 worker ants
  A hound skeleton (D:5)
  7 gnolls
  5 adders
  3 oozes
  A worm (D:3)
  2 dart slugs
  3 leopard geckos
  11 orcs
  4 bats
  2 giant cockroaches (D:1)
  8 goblins
  8 hobgoblins
  2 jackals (D:3)
  7 kobolds
  A quokka (D:2)
  A ball python (D:1)
  11 frilled lizards
  6 rats
90 creatures vanquished.

Notes
Turn   | Place    | Note
-------+----------+-------------------------------------------
     0 | Abyss:1  | Gargoyl the Ghoul Abyssal Knight began the quest for the Orb.
     0 | Abyss:1  | Reached XP level 1. HP: 19/19 MP: 1/1
    14 | Abyss:2  | Noticed a blink frog
    42 | D:1      | Escaped the Abyss
   320 | D:1      | Reached * piety under Lugonu
   320 | D:1      | Reached XP level 2. HP: 24/24 MP: 2/2
   351 | D:1      | Reached skill level 1 in Dodging
   744 | D:1      | Reached XP level 3. HP: 33/33 MP: 3/3
  1536 | D:2      | Reached XP level 4. HP: 26/39 MP: 3/5
  1715 | D:2      | Reached ** piety under Lugonu
  1839 | D:2      | Reached XP level 5. HP: 46/46 MP: 6/6
  2487 | D:3      | Found a radiant altar of Vehumet.
  2487 | D:3      | Found a stormy altar of Qazlal.
  2894 | D:4      | Reached XP level 6. HP: 46/51 MP: 7/7
  3083 | D:4      | Found a white marble altar of Elyvilon.
  3088 | D:4      | Found a shattered altar of Ashenzari.
  3091 | D:4      | Found a deep blue altar of Sif Muna.
  3378 | D:4      | Noticed a hippogriff
  3670 | D:3      | You fall through a shaft!
  3724 | D:5      | Entered Level 5 of the Dungeon
  4191 | D:5      | Reached XP level 7. HP: 60/60 MP: 8/8
  4360 | D:5      | Slain by an ogre

Skill      XL: |  1  2  3  4  5  6  7 |
---------------+----------------------+-----
Axes           | 2 3 4 |  4.1
Dodging        | 1 |  1.6
Armour         | 2 3 |  3.6
Fighting       | 4 |  4.6
Invocations    | 3 4 |  4.0

Action                   |  1- 3 |  4- 6 |  7- 9 || total
-------------------------+-------+-------+-------++-------
Melee: Broad axe         |   104 |   199 |    32 ||   335
Throw: Javelin           |     4 |     3 |     4 ||    11
Invok: Depart the Abyss  |     1 |       |       ||     1
  Use: Scroll            |       |    10 |       ||    10
       Potion            |       |     2 |       ||     2
  Eat: Chunk             |    11 |    21 |     1 ||    33
       Meat ration       |       |       |     1 ||     1
Armor: Ring mail         |    47 |   123 |    16 ||   186
       Leather armour    |     4 |       |       ||     4
Dodge: Dodged            |    60 |   176 |    17 ||   253
